cohdb
Replays
Latest Replays
All Replays
Popular Replays
Top Player Replays
Match Explorer
How It Works
Community
CoH3 Stats
Reddit
Sign in to upload your games and track your stats! →
Sign in with Steam
Match 43809972
Unlisted
Match 43809972
Overview
Messages
Build Orders
End
Pioneer Squad
Construct Infanterie Kompanie
Selects Breakthrough Battlegroup
Selects Assault Grenadiers
Grenadier Squad
Grenadier Squad
Grenadier Squad
Grenadier Squad
Infanterie Officer Quarters
Construct Luftwaffe Kompanie
221 Scout Car
Selects Rapid Production
Support Elements
Wirbelwind Flakpanzer
Jäger Squad
Marder III M Tank Destroyer
Marder III M Tank Destroyer
Side Skirts
Medical Station
Construct Panzer Kompanie
Gwangju's Hero Chun Doo-gwang
麥尬武村
0
0
Comments
sign in to comment!
No comments posted yet!